 Dungeon Crawl Stone Soup version 0.29.1-15-g9cfb28693d (webtiles) character file.

Game seed: 2588190362600529140

16553 Renzlar the Blocker (level 12, -2/97 HPs)
             Began as a Gnoll Fighter on Mar 5, 2023.
             Was a High Priest of Okawaru.
             Slain by a guardian serpent (16 damage)
             ... on level 2 of the Lair of Beasts.
             The game lasted 00:48:41 (10215 turns).

Renzlar the Blocker (Gnoll Fighter)                Turns: 10215, Time: 00:48:41

Health: -2/97      AC: 19    Str: 15    XL:     12   Next: 38%
Magic:  23/23      EV: 12    Int:  7    God:    Okawaru [*****.]
Gold:   726        SH:  6    Dex: 14    Spells: 19/26 levels left

rFire   . . .      SeeInvis .   s - +1 scimitar (flame)
rCold   . . .      Faith    .   c - +0 buckler
rNeg    + . .      Spirit   .   b - +3 scale mail
rPois   .          Reflect  .   E - +1 helmet
rElec   .          Harm     .   v - +2 cloak
rCorr   .          Rampage  +   (no gloves)
Will    .....                   l - +0 pair of boots
Stlth   ++........              g - amulet "Viomp" {Rampage rN+ Regen+ Str-4 Slay+5}
HPRegen 1.06/turn               (no ring)
MPRegen 0.18/turn               (no ring)

@: slowed, very slow
A: fangs 1, strong nose, distributed training
a: Renounce Religion, Heroism, Finesse, Duel


You were on level 2 of the Lair of Beasts.
You worshipped Okawaru.
Okawaru was extremely pleased with you.
You visited 3 branches of the dungeon, and saw 13 of its levels.

You collected 726 gold pieces.

Inventory:

Hand Weapons
 a - a +0 war axe
 d - the +6 short sword of Onysmum {freeze, Will++ MP+9 Str-4}
   (You found it on level 7 of the Dungeon)

   It freezes those it strikes, dealing additional cold damage.
   It can also slow down cold-blooded creatures.
   Str:       It affects your strength (-4).
   MP:        It affects your magic capacity (+9).
   Will:      It greatly increases your willpower.
 s - a +1 scimitar of flaming (weapon)
Missiles
 e - 9 boomerangs (quivered)
 j - 17 poisoned darts
 D - 2 throwing nets
Armour
 b - a +3 scale mail (worn)
 c - a +0 buckler (worn)
 l - a +0 pair of boots (worn)
 v - a +2 cloak (worn)
 E - a +1 helmet (worn)
Jewellery
 g - the amulet "Viomp" (around neck) {Rampage rN+ Regen+ Str-4 Slay+5}
   (You acquired it on level 1 of the Dungeon)

   [amulet of regeneration]

   Str:       It affects your strength (-4).
   Slay:      It affects your accuracy & damage with ranged weapons and melee
   (+5).
   rN:        It protects you from negative energy.
   Regen:     It increases your rate of health regeneration.
   Rampage:   It bestows one free step when moving towards enemies.
 r - a ring of magical power
 w - a ring of fire
 y - a ring of resist corrosion
 B - a ring of protection from cold
 F - a ring of flight
 I - a ring of positive energy
Wands
 p - a wand of paralysis (3)
 t - a wand of acid (26)
 G - a wand of flame (5)
 H - a wand of mindburst (6)
 J - a wand of digging (6)
Scrolls
 k - a scroll of amnesia
 m - 9 scrolls of teleportation
 u - a scroll of blinking
 x - 2 scrolls of enchant armour
 z - a scroll of fog
Potions
 f - a potion of invisibility {unknown}
 h - a potion of lignification
 i - a potion of cancellation
 n - a potion of curing
 o - 3 potions of mutation
 q - 3 potions of flight
 A - 3 potions of might
 C - 2 potions of magic


   Skills:
 + Level 10.0 Fighting
 + Level 7.5 Short Blades
 + Level 7.5 Long Blades
 + Level 8.9 Axes
 + Level 7.5 Maces & Flails
 + Level 7.5 Polearms
 + Level 7.5 Staves
 + Level 7.5 Ranged Weapons
 + Level 7.5 Throwing
 + Level 10.0 Armour
 + Level 7.5 Dodging
 + Level 7.5 Stealth
 + Level 10.0 Shields
 + Level 7.5 Unarmed Combat
 + Level 7.5 Spellcasting
 + Level 6.2 Conjurations
 + Level 6.2 Hexes
 + Level 6.2 Summonings
 + Level 6.2 Necromancy
 + Level 6.2 Translocations
 + Level 6.2 Transmutations
 + Level 6.2 Fire Magic
 + Level 6.2 Ice Magic
 + Level 6.2 Air Magic
 + Level 6.2 Earth Magic
 + Level 6.2 Poison Magic
 + Level 8.2 Invocations
 + Level 7.5 Evocations


You had 19 spell levels left.
You knew the following spells:

 Your Spells              Type           Power      Damage    Failure   Level
a - Vampiric Draining     Necr           11%        2d6       19%         3
b - Olgreb's Toxic Radia  Pois           11%        N/A       52%         4

Your spell library contained the following spells:

 Spells                   Type           Power      Damage    Failure   Level
 Slow                     Hex            44%        N/A       6%          1
 Sting                    Tmut/Pois      44%        1d5       6%          1
 Poisonous Vapours        Pois/Air       22%        N/A       10%         2
 Confusing Touch          Hex            11%        N/A       19%         3
 Dazzling Flash           Conj/Hex       22%        N/A       19%         3
 Inner Flame              Hex/Fire       11%        N/A       19%         3
 Cause Fear               Hex            5%         N/A       52%         4
 Corpse Rot               Necr/Pois/Air  11%        N/A       52%         4
 Agony                    Necr           11%        N/A       86%         5
 Blade Hands              Tmut           5%         N/A       86%         5
 Silence                  Hex/Air        5%         N/A       86%         5
 Iron Shot                Conj/Erth      5%         9d2       100%        6
 Discord                  Hex            5%         N/A       100%        8
 Chain Lightning          Conj/Air       5%         3d7       100%        9
 Fire Storm               Conj/Fire      5%         8d2       100%        9
 Shatter                  Erth           5%         3d8*      100%        9
 Animate Armour           Summ/Erth      Unusable   N/A       N/A         4

Dungeon Overview and Level Annotations

Branches:
Dungeon (10/15)            Temple (1/1) D:6            Lair (2/5) D:10
  Snake (0/4) Lair:2
  Swamp: Lair:2-3    Shoals: Lair:2-3       Orc: D:9-12

Altars:
Ashenzari
Cheibriados
Dithmenos
Elyvilon
Fedhas
Gozag
Hepliaklqana
Kikubaaqudgha
Makhleb
Nemelex Xobeh
Okawaru
Qazlal
Ru
Sif Muna
Trog
Uskayaw
Vehumet
Wu Jian
Xom
Yredelemnul
Zin
The Shining One

Shops:
D:1 =   D:4 :   D:5 =


Innate Abilities, Weirdness & Mutations

You have very sharp teeth.
Your uncanny sense of smell can sniff out nearby items.
Your experience applies equally to all skills.


Message History

The guardian serpent is severely wounded.
The wolf bites you but does no damage.
You block the guardian serpent's attack.
The wolf bites you.
The guardian serpent closely misses you.
The wolf barely misses you.
You miss the guardian serpent.
The guardian serpent is severely wounded.
The wolf closely misses you.
The guardian serpent coils itself and waves its upper body at you.
You resist with some effort. The wolf completely misses you.
The guardian serpent coils itself and waves its upper body at you.
You resist with some effort.
You hit the guardian serpent but do no damage.
The guardian serpent is severely wounded.
The wolf barely misses you. The guardian serpent hits you!
* * * LOW HITPOINT WARNING * * *
The wolf bites you but does no damage.
The guardian serpent hits you but does no damage.
You block the wolf's attack.
You hit the guardian serpent. You burn the guardian serpent.
The guardian serpent is severely wounded.
The guardian serpent hits you but does no damage.
The wolf bites you but does no damage. The guardian serpent hits you.
* * * LOW HITPOINT WARNING * * *
The wolf bites you.
* * * LOW HITPOINT WARNING * * *
The guardian serpent misses you. The wolf barely misses you.
You feel better. The wolf closely misses you.
The guardian serpent coils itself and waves its upper body at you.
The bolt of poison hits you!
You are poisoned.
* * * LOW HITPOINT WARNING * * *
The wolf bites you but does no damage.
The guardian serpent casts a spell at you.
The bolt of poison hits you.
You are lethally poisoned!
* * * LOW HITPOINT WARNING * * *
You feel better. You block the wolf's attack. The guardian serpent hits you!
You die...

##......<.......#
#...........†..#
.#
##..PP.........#
.#
#P..###...P##...#
.# #...##....P#
##.... #
##....###..# ...
## #P...## ##†##
.. .# ##..P#
#.#h## .
.####...## ####@#
...###...###
#S....#
.>.†.......#
#......#
...........#
#.....##
####..........
.#....#
###....##.#... .
.#..(. ...#.###
#...### .......
..####


PP.. >...... ..# ... You could see a guardian serpent and a wolf.

Vanquished Creatures
  The ghost of Ezxinano the Severer, a journeyman HOFi of Beogh (Lair:1)
  3 two-headed ogres (D:7)
  A hydra (Lair:1)
  Erica (D:9)
  A manticore (D:7)
  A gargoyle (D:7)
  A cane toad (Lair:1)
  3 unseen horrors
  Psyche (D:10)
  A polar bear (Lair:1)
  Prince Ribbit (D:7)
  2 trolls
  A shadow (D:8)
  8 wyverns
  11 yaks
  Grum (D:10)
  2 steam dragons (D:7)
  9 water moccasins
  2 ice beasts
  2 sky beasts (D:7)
  An orc warrior (D:7)
  3 black bears
  2 ogres (D:5)
  18 wolves
  3 centaurs
  A gnoll sergeant (D:8)
  Blork the orc (D:6)
  6 necrophages
  8 bullfrogs
  A water moccasin zombie (D:4)
  3 scorpions
  11 wights
  6 killer bees
  6 howler monkeys
  An electric eel (Lair:1)
  2 hounds
  3 gnoll boudas
  3 orc priests
  3 jellies (D:7)
  Ijyb (D:4)
  Terence (D:2)
  4 iguanas
  3 orc wizards
  2 scorpion zombies (D:4)
  9 adders
  21 gnolls
  4 shadow imps
  3 white imps
  An ufetubus (D:5)
  An adder zombie (D:4)
  The ghost of leafyfresh the Sneak, a weakling OpDe (D:5)
  5 dart slugs
  17 orcs
  11 ball pythons
  6 bats
  3 endoplasms
  4 giant cockroaches
  9 goblins
  5 hobgoblins
  9 jackals
  5 quokkas
  11 frilled lizards
  7 kobolds
  6 rats
  2 bushes (D:4)
286 creatures vanquished.

Vanquished Creatures (others)
  A bush (D:4)
  62 plants
63 creatures vanquished.

Grand Total: 349 creatures vanquished

Notes
Turn   | Place    | Note
-------+----------+-------------------------------------------
     0 | D:1      | Renzlar the Gnoll Fighter began the quest for the Orb.
     0 | D:1      | Reached XP level 1. HP: 23/23 MP: 1/1
   331 | D:1      | Identified a scroll of acquirement
   331 | D:1      | Acquired the amulet "Viomp" {Rampage rN+ Regen+ Str-4
                  | Slay+5}
   339 | D:1      | Found Tuis's One-of-a-Kind Rings.
   359 | D:1      | Reached XP level 2. HP: 29/29 MP: 2/2
   632 | D:1      | Reached XP level 3. HP: 35/35 MP: 3/3
   696 | D:1      | Reached skill level 1 in Invocations
   961 | D:1      | Reached skill level 1 in Short Blades
   961 | D:1      | Reached skill level 1 in Long Blades
   961 | D:1      | Reached skill level 1 in Maces & Flails
   961 | D:1      | Reached skill level 1 in Polearms
   961 | D:1      | Reached skill level 1 in Staves
   961 | D:1      | Reached skill level 1 in Ranged Weapons
   961 | D:1      | Reached skill level 1 in Throwing
   961 | D:1      | Reached skill level 1 in Dodging
   961 | D:1      | Reached skill level 1 in Stealth
   961 | D:1      | Reached skill level 1 in Unarmed Combat
   961 | D:1      | Reached skill level 1 in Spellcasting
   961 | D:1      | Reached skill level 1 in Evocations
  1217 | D:2      | Reached XP level 4. HP: 39/41 MP: 5/5
  1239 | D:2      | Noticed Terence
  1246 | D:2      | Killed Terence
  1247 | D:2      | Reached skill level 1 in Conjurations
  1247 | D:2      | Reached skill level 1 in Hexes
  1247 | D:2      | Reached skill level 1 in Summonings
  1247 | D:2      | Reached skill level 1 in Necromancy
  1247 | D:2      | Reached skill level 1 in Translocations
  1247 | D:2      | Reached skill level 1 in Transmutations
  1247 | D:2      | Reached skill level 1 in Fire Magic
  1247 | D:2      | Reached skill level 1 in Ice Magic
  1247 | D:2      | Reached skill level 1 in Air Magic
  1247 | D:2      | Reached skill level 1 in Earth Magic
  1247 | D:2      | Reached skill level 1 in Poison Magic
  1350 | D:2      | Found a snail-covered altar of Cheibriados.
  1409 | D:2      | Reached XP level 5. HP: 47/47 MP: 7/7
  2448 | D:3      | Found a glowing golden altar of the Shining One.
  2516 | D:4      | Reached skill level 5 in Axes
  2516 | D:4      | Reached XP level 6. HP: 52/53 MP: 7/9
  2939 | D:4      | Found a blossoming altar of Fedhas.
  3009 | D:4      | Noticed Ijyb
  3016 | D:4      | Paralysed by Ijyb for 2 turns
  3023 | D:4      | Killed Ijyb
  3065 | D:4      | Found Tydi's Book Shoppe.
  3249 | D:4      | Found a basalt altar of Yredelemnul.
  3894 | D:4      | Reached XP level 7. HP: 57/60 MP: 10/10
  3956 | D:5      | Entered Level 5 of the Dungeon
  3969 | D:5      | Found Bymas's Jewellery Shoppe.
  4257 | D:5      | Found a broken altar of Ashenzari.
  4296 | D:5      | Reached XP level 8. HP: 66/67 MP: 12/12
  4671 | D:5      | Found a runed translucent gate.
  4672 | D:5      | Found a runed translucent gate.
  4673 | D:5      | Found a runed translucent gate.
  4675 | D:5      | Noticed leafyfresh's ghost (weakling OpDe)
  4684 | D:5      | Killed leafyfresh's ghost
  4929 | D:6      | Found an ornate altar of the Wu Jian Council.
  4955 | D:6      | Found a staircase to the Ecumenical Temple.
  4963 | Temple   | Entered the Ecumenical Temple
  5095 | D:6      | Found an iron altar of Okawaru.
  5104 | D:6      | Became a worshipper of Warmaster Okawaru
  5296 | D:6      | Found a shimmering altar of Xom.
  5344 | D:6      | Reached XP level 9. HP: 73/73 MP: 14/14
  5421 | D:6      | Found a sparkling altar of Nemelex Xobeh.
  5422 | D:6      | Noticed Blork the orc
  5429 | D:6      | Killed Blork the orc
  5526 | D:7      | Noticed Prince Ribbit
  5527 | D:7      | Found a hazy altar of Hepliaklqana.
  5535 | D:7      | Killed Prince Ribbit
  5614 | D:7      | Reached * piety under Okawaru
  5770 | D:7      | Found a radiant altar of Vehumet.
  5879 | D:7      | Noticed a two-headed ogre
  5893 | D:7      | Reached skill level 5 in Invocations
  5901 | D:7      | Killed a two-headed ogre
  5901 | D:7      | Reached ** piety under Okawaru
  5901 | D:7      | Noticed a two-headed ogre
  5924 | D:7      | Reached skill level 5 in Short Blades
  5924 | D:7      | Reached skill level 5 in Long Blades
  5924 | D:7      | Reached skill level 5 in Maces & Flails
  5924 | D:7      | Reached skill level 5 in Polearms
  5924 | D:7      | Reached skill level 5 in Staves
  5924 | D:7      | Reached skill level 5 in Ranged Weapons
  5924 | D:7      | Reached skill level 5 in Throwing
  5924 | D:7      | Reached skill level 5 in Dodging
  5924 | D:7      | Reached skill level 5 in Stealth
  5924 | D:7      | Reached skill level 5 in Unarmed Combat
  5924 | D:7      | Reached skill level 5 in Spellcasting
  5924 | D:7      | Reached skill level 5 in Evocations
  5924 | D:7      | Reached XP level 10. HP: 80/81 MP: 17/17
  5977 | D:7      | Killed a two-headed ogre
  5977 | D:7      | Reached *** piety under Okawaru
  5978 | D:7      | Noticed a two-headed ogre
  5990 | D:7      | Killed a two-headed ogre
  5990 | D:7      | Received a gift from Okawaru
  6004 | D:7      | Noticed a gargoyle
  6006 | D:7      | Received a gift from Okawaru
  6013 | D:7      | Killed a gargoyle
  6122 | D:7      | Noticed a manticore
  6135 | D:7      | Killed a manticore
  6135 | D:7      | Reached **** piety under Okawaru
  6176 | D:7      | Identified the +6 short sword of Onysmum {freeze, Will++
                  | MP+9 Str-4}
  6409 | D:7      | Reached skill level 5 in Conjurations
  6409 | D:7      | Reached skill level 5 in Hexes
  6409 | D:7      | Reached skill level 5 in Summonings
  6409 | D:7      | Reached skill level 5 in Necromancy
  6409 | D:7      | Reached skill level 5 in Translocations
  6409 | D:7      | Reached skill level 5 in Transmutations
  6409 | D:7      | Reached skill level 5 in Fire Magic
  6409 | D:7      | Reached skill level 5 in Ice Magic
  6409 | D:7      | Reached skill level 5 in Air Magic
  6409 | D:7      | Reached skill level 5 in Earth Magic
  6409 | D:7      | Reached skill level 5 in Poison Magic
  6413 | D:7      | Received a gift from Okawaru
  6414 | D:7      | Reached XP level 11. HP: 58/89 MP: 20/20
  6418 | D:7      | Learned a level 3 spell: Vampiric Draining
  8037 | D:9      | Reached ***** piety under Okawaru
  8127 | D:9      | Noticed Erica
  8128 | D:9      | Paralysed by Erica for 4 turns
  8144 | D:9      | Killed Erica
  8144 | D:9      | Received a gift from Okawaru
  8337 | D:10     | Entered Level 10 of the Dungeon
  8403 | D:9      | Received a gift from Okawaru
  8474 | D:10     | Found a staircase to the Lair.
  8516 | D:10     | Noticed a +0 hand axe
  8517 | D:10     | Found a hide-covered altar of Uskayaw.
  8517 | D:10     | Noticed a +0 hand axe
  8577 | D:10     | Noticed Grum
  8585 | D:10     | Killed Grum
  8718 | D:10     | Received a gift from Okawaru
  8771 | D:10     | Noticed Psyche
  8780 | D:10     | Killed Psyche
  8781 | D:10     | Reached XP level 12. HP: 97/97 MP: 21/22
  9038 | D:10     | Learned a level 4 spell: Olgreb's Toxic Radiance
  9230 | Lair:1   | Entered Level 1 of the Lair of Beasts
  9260 | Lair:1   | Noticed a five-headed hydra
  9280 | Lair:1   | Killed a one-headed hydra
  9280 | Lair:1   | Received a gift from Okawaru
  9435 | Lair:1   | Found a large runed translucent door.
  9435 | Lair:1   | Found a large runed translucent door.
  9436 | Lair:1   | Noticed Ezxinano's ghost (journeyman HOFi)
  9687 | Lair:1   | Killed Ezxinano's ghost
  9688 | Lair:1   | Reached skill level 10 in Fighting
  9688 | Lair:1   | Reached skill level 10 in Armour
  9688 | Lair:1   | Reached skill level 10 in Shields
 10176 | Lair:2   | Found a staircase to the Snake Pit.
 10214 | Lair:2   | HP: 1/97 [guardian serpent/bolt of poison (6)]
 10215 | Lair:2   | Slain by a guardian serpent

Illustrated notes

Levels and vault maps discovered:
D:1:      dpeg_cavernosity, layout_loops_ring, minmay_misc_feat_square,
          nicolae_shop_unique_rings, minmay_lizard_pond
D:2:      layout_rooms, basic_altar, uniq_terence
D:3:      layout_basic, mainiacjoe_overflow_alcove_1
D:4:      layout_layer_cave, fedhas_altar_decomposition, lemuel_round_altar,
          serial_shops, nicolae_shop_stone, minmay_stone_trees_medium, uniq_ijyb
D:5:      layout_basic, old_standard_altar, gammafunk_ghost_split, serial_shops,
          shop
D:6:      layout_rooms, lemuel_crystal_altar, lemuel_crystal_altar,
          okawaru_gym_becter, nicolae_wu_jian_immortal_techniques,
          minmay_temple_entry_mist, minmay_misc_feat_iff, uniq_blork_the_orc
D:7:      nzn_winding_woodlands_cross [nzn_winding_woodlands_5x15_twine,
          nzn_winding_woodlands_5x15_default,
          nzn_winding_woodlands_5x15_concentric,
          nzn_winding_woodlands_5x15_split_checker,
          nzn_winding_woodlands_15x15_five_gardens], layout_loops_ring,
          vehumet_crystals, lemuel_crystal_altar, serial_bayou_pond_a,
          kennysheep_dice, uniq_prince_ribbit1
D:8:      layout_basic, hangedman_decor_riveting, nicolae_two_hexagons,
          corexii_checkpoint_b, minmay_curled_crystal
D:9:      layout_roguey, statue_in_the_mist_lemuel, serial_bayou_pond_a,
          uniq_erica
D:10:     layout_cave_pools, dancing_weapons_uskayaw, minmay_lair_entry_grove,
          uniq_grum, uniq_psyche
Temple:   hellmonk_temple_of_storms
Lair:1:   layout_loops_ring, ebering_ghost_disaster_area,
          chequers_serial_rivers_micro_e, st_stairs_7,
          nicolae_quartered_pool_impasse, serial_bayou_ford_a
Lair:2:   layout_layer_cave, minmay_snake_entry_spellcaster,
          dreamdust_mushroom_princess, beast_lair_carwin_5

Skill      XL: |  1  2  3  4  5  6  7  8  9 10 11 12 |
---------------+-------------------------------------+-----
Invocations    | 1 2 3 4 5 6 7 8 |  8.2
Short Blades   | 1 2 3 5 6 7 |  7.5
Long Blades    | 1 2 3 5 6 7 |  7.5
Maces & Flails | 1 2 3 5 6 7 |  7.5
Polearms       | 1 2 3 5 6 7 |  7.5
Staves         | 1 2 3 5 6 7 |  7.5
Ranged Weapons | 1 2 3 5 6 7 |  7.5
Throwing       | 1 2 3 5 6 7 |  7.5
Dodging        | 1 2 3 5 6 7 |  7.5
Stealth        | 1 2 3 5 6 7 |  7.5
Unarmed Combat | 1 2 3 5 6 7 |  7.5
Spellcasting   | 1 2 3 5 6 7 |  7.5
Evocations     | 1 2 3 5 6 7 |  7.5
Conjurations   | 1 2 3 4 5 6 |  6.2
Hexes          | 1 2 3 4 5 6 |  6.2
Summonings     | 1 2 3 4 5 6 |  6.2
Necromancy     | 1 2 3 4 5 6 |  6.2
Translocations | 1 2 3 4 5 6 |  6.2
Transmutations | 1 2 3 4 5 6 |  6.2
Fire Magic     | 1 2 3 4 5 6 |  6.2
Ice Magic      | 1 2 3 4 5 6 |  6.2
Air Magic      | 1 2 3 4 5 6 |  6.2
Earth Magic    | 1 2 3 4 5 6 |  6.2
Poison Magic   | 1 2 3 4 5 6 |  6.2
Axes           | 5 6 7 8 |  8.9
Fighting       | 7 8 9 10 | 10.0
Armour         | 7 8 9 10 | 10.0
Shields        | 7 8 9 10 | 10.0

Action                   |  1- 3 |  4- 6 |  7- 9 | 10-12 || total
-------------------------+-------+-------+-------+-------++-------
Melee: War axe           |    69 |   150 |   104 |     6 ||   329
       Bite              |     8 |    17 |    29 |    67 ||   121
       Long sword        |       |       |   141 |   195 ||   336
       Scimitar          |       |       |       |   256 ||   256
       Short sword       |       |       |       |     2 ||     2
Throw: Dart              |       |       |     2 |    15 ||    17
       Throwing net      |       |       |     1 |       ||     1
       Boomerang         |       |       |       |    25 ||    25
Invok: Heroism           |       |       |     1 |     3 ||     4
Evoke: Wand              |       |       |       |     1 ||     1
  Use: Scroll            |     2 |     9 |     5 |     9 ||    25
       Potion            |       |       |       |     7 ||     7
 Stab: Sleeping          |       |       |       |     4 ||     4
       Paralysed         |       |       |       |     1 ||     1
Armor: Scale mail        |    27 |    16 |    97 |   299 ||   439
       Chain mail        |       |    41 |    25 |       ||    66
Dodge: Dodged            |    24 |    30 |   125 |   294 ||   473
Block: Buckler           |    22 |    41 |    75 |   168 ||   306
